 Dungeon Crawl Stone Soup version 0.30-a0-639-g3916f1956a (webtiles) character file.

Game seed: 357879518609146790

34769 buttbutttt the Warrior (level 13, -3/82 HPs)
             Began as a Spriggan Enchanter on Jan 15, 2023.
             Was an Elder of Uskayaw.
             Slain by a dream sheep (24 damage)
             ... on level 5 of the Lair of Beasts on Jan 16, 2023.
             The game lasted 02:13:30 (18667 turns).

buttbutttt the Warrior (Spriggan Enchanter)        Turns: 18667, Time: 02:13:30

Health: -3/82      AC:  6    Str:  6    XL:     13   Next: 44%
Magic:  15/18      EV:  4    Int: 21    God:    Uskayaw [****..]
Gold:   1382       SH:  0    Dex: 19    Spells: 8/18 levels left

rFire   + . .      SeeInvis +    a - +11 dagger "Yfopty" {elec, rPois Int+5}
rCold   . . .      Faith    .    (no shield)
rNeg    . . .      Spirit   .    T - +2 robe {rF+}
rPois   +          Reflect  +    (helmet restricted)
rElec   .          Harm     .    l - scarf {shadows}
rCorr   .          Rampage  .    (gloves unavailable)
Will    +++..                    (boots unavailable)
Stlth   +++++                    h - amulet of reflection
HPRegen 0.33/turn                b - +4 ring of slaying
MPRegen 0.16/turn                R - ring of willpower

@: sleeping, very quick
A: very small, no large weapons, unfitting armour, see invisible, speed 3,
iridescent scales 1, noise suppression
a: Renounce Religion, Stomp, Line Pass


You were on level 5 of the Lair of Beasts.
You worshipped Uskayaw.
Uskayaw was noncommittal.
You visited 3 branches of the dungeon, and saw 18 of its levels.
You also visited: Ossuary.

You collected 2136 gold pieces.
You spent 754 gold pieces at shops.

Inventory:

Hand Weapons
 a - the +11 dagger "Yfopty" (weapon) {elec, rPois Int+5}
   (You bought it in a shop on level 12 of the Dungeon)

   Int:       It affects your intelligence (+5).
   rPois:     It protects you from poison.
 p - a +0 rapier
 C - the +9 short sword "Quhas" {elec, Int+7}
   (You found it on level 4 of the Dungeon)

   Int:       It affects your intelligence (+7).
 K - the +5 sling of Valour {heavy, rPois rN+}
   (You found it on level 5 of the Dungeon)

   rPois:     It protects you from poison.
   rN:        It protects you from negative energy.
Missiles
 o - 40 poisoned darts
 L - 3 atropa-tipped darts
 V - 2 throwing nets
Armour
 l - a scarf of shadows (worn)
 T - a +2 robe of fire resistance (worn)
 X - a +1 troll leather armour
Jewellery
 b - a +4 ring of slaying (left hand)
 h - an amulet of reflection (around neck)
 t - a +5 ring of evasion
 x - a ring of poison resistance
 y - an amulet of faith
 z - an amulet of the acrobat
 P - a +6 ring of strength
 Q - a +6 ring of intelligence
 R - a ring of willpower (right hand)
Wands
 c - a wand of quicksilver (5)
 f - a wand of flame (24) (quivered)
 r - a wand of mindburst (9)
 B - a wand of iceblast (24)
 M - a wand of polymorph (5)
 Y - a wand of charming (14)
 Z - a wand of digging (9)
Scrolls
 d - 4 scrolls of immolation
 m - 14 scrolls of identify
 n - 2 scrolls of silence
 q - 2 scrolls of enchant weapon {unknown}
 u - 5 scrolls of fear
 v - 3 scrolls of blinking
 w - 2 scrolls of summoning {unknown}
 A - 4 scrolls of fog
 E - 6 scrolls of magic mapping
 F - 7 scrolls of teleportation
 I - 6 scrolls of noise {unknown}
 S - a scroll of brand weapon {unknown}
 U - 2 scrolls of enchant armour
Potions
 e - 4 potions of berserk rage
 g - 3 potions of cancellation {unknown}
 i - 4 potions of brilliance
 j - 7 potions of attraction
 k - 5 potions of heal wounds
 s - 2 potions of invisibility
 D - 2 potions of might
 G - a potion of ambrosia {unknown}
 H - 3 potions of mutation
 J - 9 potions of curing
 N - 5 potions of haste {unknown}
 O - a potion of magic {unknown}
 W - 2 potions of resistance


   Skills:
 + Level 16.2 Fighting
 - Level 9.1 Short Blades
 - Level 2.0 Throwing
 - Level 11.0 Dodging
 - Level 12.1 Stealth
 - Level 1.0 Shields
 - Level 3.0 Spellcasting
 - Level 4.0 Hexes
 - Level 1.0 Translocations
 + Level 6.6 Invocations
 - Level 5.6 Evocations


You had 8 spell levels left.
You knew the following spells:

 Your Spells              Type           Power      Damage    Failure   Level
a - Confusing Touch       Hex            20%        N/A       8%          3
b - Blink                 Tloc           14%        N/A       13%         2
t - Tukima's Dance        Hex            20%        N/A       8%          3
z - Ensorcelled Hibernat  Hex/Ice        22%        N/A       9%          2

Your spell library contained the following spells:

 Spells                   Type           Power      Damage    Failure   Level
 Summon Small Mammal      Summ           12%        N/A       13%         1
 Dazzling Flash           Conj/Hex       22%        N/A       17%         3
 Summon Guardian Golem    Hex/Summ       11%        N/A       17%         3
 Sublimation of Blood     Necr           3%         N/A       21%         2
 Call Canine Familiar     Summ           3%         N/A       36%         3
 Manifold Assault         Tloc           7%         N/A       65%         4
 Petrify                  Tmut/Erth      3%         N/A       78%         4
 Summon Lightning Spire   Summ/Air       3%         N/A       78%         4
 Silence                  Hex/Air        5%         N/A       85%         5
 Agony                    Necr           3%         N/A       98%         5
 Irradiate                Conj/Tmut      1%         3d12      98%         5
 Storm Form               Tmut/Air       1%         N/A       100%        7
 Maxwell's Capacitive Co  Air            1%         ∞         100%        8


Dungeon Overview and Level Annotations

Branches:
Dungeon (12/15)            Temple (1/1) D:7            Lair (5/5) D:9
  Swamp (0/4) Lair:3        Snake (0/4) Lair:2        Slime (0/5) Lair:5
    Orc (0/2) D:10        Ossuary (visited)

Altars:
Ashenzari
Cheibriados
Dithmenos
Elyvilon
Fedhas
Gozag
Hepliaklqana
Kikubaaqudgha
Makhleb
Nemelex Xobeh
Okawaru
Qazlal
Ru
Sif Muna
Trog
Uskayaw
Vehumet
Wu Jian
Xom
Yredelemnul
Zin
The Shining One
Jiyva

Shops:
D:3 ?   D:4 ?   D:5 *   D:7 !   D:9 (   D:12 *

Portals:
Trove: D:11 (give 13 potions of heal wounds)

Annotations:
D:2 exclusion: 2 downstairs
D:3 exclusions: adder, 4 gnolls, jackal, orc and quokka
D:7 exclusion: orc wizard
D:8 1 transporter
D:9 exclusions: downstairs and killer bee
D:10 exclusions: deep elf pyromancer and downstairs, Maurice, Urug
D:11 exclusions: downstairs and guardian mummy
D:12 exclusion: two-headed ogre
Lair:3 exclusions: 4 death yaks, 4 elephants, komodo dragon, upstairs and 4 more exclusions
Lair:5 exclusions: basilisk, ugly thing and ynoxinul


Innate Abilities, Weirdness & Mutations

You are very small and have problems with some larger weapons.
You are too small for most types of armour.
You have supernaturally acute eyesight. (SInv)
You cover ground extremely quickly. (Speed+++)
You are partially covered in iridescent scales. (AC +2)
You passively dampen the noise of your surroundings.


Message History

The dream sheep shake their wool and sparkle.
You feel drowsy...
You fall asleep.
You can now pass through a line of other dancers.
The dream sheep completely misses you.
The dream sheep bites you but does no damage.
The dream sheep bites you!!
You wake up.
The dream sheep bites you.
Unknown command.
You puncture the dream sheep!
You kill the dream sheep!
Unknown command.
You puncture the dream sheep!
The dream sheep is heavily wounded.
The dream sheep completely misses you.
Uskayaw will force your foes to helplessly watch your dance.
Uskayaw prepares the audience for your solo!
Unknown command.
You stomp with the beat, sending a shockwave through the revellers around you!
The dream sheep is moderately wounded.
The dream sheep is severely wounded.
The dream sheep is no longer paralysed.
Unknown command.
The helpless dream sheep fails to defend itself.
You perforate the dream sheep like a sieve!!!!!
You kill the dream sheep!
The dream sheep bites you.
* * * LOW HITPOINT WARNING * * *
Uskayaw will force your foes to helplessly watch your dance.
The helpless dream sheep fails to defend itself.
You perforate the dream sheep like a sieve!!!!!
You kill the dream sheep!
The dream sheep is no longer paralysed. x2
You hit the dream sheep.
The dream sheep is moderately wounded.
The dream sheep closely misses you.
The dream sheep shake their wool and sparkle.
You feel drowsy...
You fall asleep.
Uskayaw will force your foes to share their pain.
Uskayaw links your audience in an emotional bond!
The dream sheep bites you!!
You die...

##.......... #. ###........ #.
##........ ## #......... #.
###........# ## #.....#.....
#.Y..###..## ##Y..# ###
#######@Y.## ######### ♣♣
♣♣...P.#.Y..####.#.PP..# 3..
#..........P.##........## u./.
♣.............##........#
♣.?♣♣♣............##..........
♣................P##..........
♣..♣...♣...........P#..........
♣ ♣♣.♣♣.........#..#..........
♣♣♣♣..........##...........


You could see 4 dream sheep.

Vanquished Creatures
  Josephine (Lair:5)
  2 hydras (Lair:4)
  A catoblepas (Lair:2)
  2 two-headed ogres
  2 bog bodies (Lair:3)
  A deep elf pyromancer (D:12)
  5 elephants (Lair:5)
  6 black mambas (Lair:2)
  7 cane toads
  A torpor snail (Lair:3)
  A komodo dragon (shapeshifter) (D:9)
  2 rime drakes
  Psyche (D:10)
  6 komodo dragons
  4 trolls
  Prince Ribbit (D:9)
  7 dream sheep
  17 blink frogs
  3 slime creatures (D:12)
  4 wraiths
  6 wyverns
  43 yaks
  A shadow (D:12)
  2 steam dragons
  15 water moccasins
  An acid dragon (D:10)
  3 ice beasts
  4 orc warriors
  3 black bears
  An ogre (D:6)
  13 wolves
  2 centaurs
  A kobold brigand (D:7)
  2 gnoll sergeants (D:7)
  4 phantoms
  9 bullfrogs
  A necrophage (D:8)
  3 scorpions
  7 wights
  An electric eel (Lair:1)
  6 howler monkeys
  7 jellies
  7 orc priests
  3 iguanas
  6 orc wizards
  14 hell rats
  8 mummies (Ossuary)
  11 adders
  14 gnolls
  2 shadow imps (D:7)
  A white imp (D:8)
  2 ufetubi (D:5)
  2 worms (D:4)
  A dart slug (D:2)
  30 orcs
  4 bats (D:2)
  5 endoplasms
  A giant cockroach (D:2)
  5 goblins
  2 hobgoblins
  10 jackals
  9 kobolds
  3 quokkas (D:2)
  2 ball pythons
  3 frilled lizards
  A gnoll zombie (Ossuary)
  2 hobgoblin zombies (Ossuary)
  3 kobold zombies (Ossuary)
  2 orc zombies (Ossuary)
  2 rats
  A butterfly (Lair:5)
365 creatures vanquished.

Vanquished Creatures (collateral kills)
  An orc warrior (D:9)
  2 orcs (D:8)
3 creatures vanquished.

Vanquished Creatures (others)
  A wizard (D:3)
  2 dancing weapons (D:9)
  30 fungi
  36 plants
  2 withered plants (D:2)
71 creatures vanquished.

Grand Total: 439 creatures vanquished

Notes
Turn   | Place    | Note
-------+----------+-------------------------------------------
     0 | D:1      | buttbutttt the Spriggan Enchanter began the quest for the
                  | Orb.
     0 | D:1      | Reached XP level 1. HP: 9/9 MP: 5/5
   408 | D:1      | Reached skill level 5 in Stealth
   408 | D:1      | Reached XP level 2. HP: 7/13 MP: 6/6
   825 | D:2      | Learned a level 2 spell: Ensorcelled Hibernation
  1370 | D:2      | Reached XP level 3. HP: 16/16 MP: 8/8
  1601 | D:3      | Noticed a scorpion
  1782 | D:2      | Reached XP level 4. HP: 21/21 MP: 9/9
  1797 | D:2      | Found a faded altar of an unknown god.
  2011 | D:3      | Killed a scorpion
  2014 | D:3      | Reached XP level 5. HP: 21/25 MP: 10/10
  2206 | D:3      | Found Ventocir's Magic Scroll Emporium.
  2211 | D:3      | Bought a scroll of blinking for 90 gold pieces
  2211 | D:3      | Bought a scroll of identify for 24 gold pieces
  2401 | D:3      | Found a blossoming altar of Fedhas.
  2456 | D:3      | Found a bloodstained altar of Trog.
  2458 | D:3      | Noticed a wizard
  2464 | D:3      | Killed a wizard
  3059 | D:4      | Found a glowing golden altar of the Shining One.
  3122 | D:4      | Noticed a wyvern
  3132 | D:4      | Found Bousuw's Magic Scroll Shoppe.
  3166 | D:4      | Identified the +9 short sword "Quhas" {elec, Int+7}
  3238 | D:4      | Found a sand-covered staircase.
  3246 | Ossuary  | Entered an ossuary
  3275 | Ossuary  | Learned a level 2 spell: Blink
  3403 | Ossuary  | Reached XP level 6. HP: 29/29 MP: 11/11
  3843 | D:4      | Bought a scroll of magic mapping for 82 gold pieces
  3843 | D:4      | Bought a scroll of teleportation for 33 gold pieces
  3843 | D:4      | Bought a scroll of blinking for 82 gold pieces
  4108 | D:4      | Reached skill level 1 in Fighting
  4306 | D:4      | You fall into a shaft and drop 1 floor!
  4306 | D:5      | Entered Level 5 of the Dungeon
  4315 | D:5      | Noticed a water moccasin
  4429 | D:5      | Reached skill level 1 in Translocations
  4483 | D:5      | Reached skill level 5 in Short Blades
  4614 | D:5      | Reached XP level 7. HP: 32/33 MP: 12/12
  4623 | D:5      | Identified the +5 sling of Valour {heavy, rPois rN+}
  4633 | D:5      | Found a radiant altar of Vehumet.
  4729 | D:5      | Found Teymm's Assorted Antiques.
  4740 | D:5      | Bought a tapered bone wand for 88 gold pieces
  4970 | D:5      | Found an opulent altar of Gozag.
  5216 | D:6      | Found a sacrificial altar of Ru.
  5598 | D:6      | Reached XP level 8. HP: 37/37 MP: 13/13
  5629 | D:6      | Found a glowing silver altar of Zin.
  5742 | D:6      | Reached skill level 2 in Fighting
  5939 | D:6      | Learned a level 3 spell: Tukima's Dance
  6307 | D:6      | Reached skill level 3 in Fighting
  6390 | D:7      | Reached skill level 1 in Evocations
  6648 | D:7      | Reached skill level 4 in Fighting
  6882 | D:7      | Found a staircase to the Ecumenical Temple.
  6888 | Temple   | Entered the Ecumenical Temple
  6975 | Temple   | Became a worshipper of Uskayaw the Reveller
  7056 | D:7      | Reached * piety under Uskayaw
  7065 | D:7      | Reached ** piety under Uskayaw
  7079 | D:7      | Reached XP level 9. HP: 25/46 MP: 14/14
  7079 | D:7      | Reached *** piety under Uskayaw
  7084 | D:7      | Reached skill level 5 in Evocations
  7184 | D:7      | Found an ornate altar of the Wu Jian Council.
  7229 | D:7      | Found Ugudda Taer's Distillery.
  7236 | D:7      | Bought 2 potions of curing for 72 gold pieces
  7236 | D:7      | Bought a potion of degeneration for 12 gold pieces
  7236 | D:7      | Bought a potion of heal wounds for 60 gold pieces
  7467 | D:8      | Found a transporter.
  7470 | D:8      | Found a transporter.
  7473 | D:8      | Found a transporter.
  7646 | D:5      | Bought a scroll labelled FIOZAU SUNIPS for 22 gold pieces
  7772 | D:8      | Found a transporter.
  7930 | D:8      | Reached **** piety under Uskayaw
  7931 | D:8      | Reached skill level 5 in Fighting
  8073 | D:8      | Reached skill level 1 in Throwing
  8497 | D:9      | Noticed a troll
  8511 | D:8      | Killed a troll
  8519 | D:8      | Reached ***** piety under Uskayaw
  8638 | D:8      | Reached skill level 5 in Dodging
  8890 | D:9      | Reached skill level 6 in Fighting
  8890 | D:9      | Reached skill level 10 in Stealth
  8984 | D:9      | Reached XP level 10. HP: 53/53 MP: 10/15
  9378 | D:9      | Found a staircase to the Lair.
  9400 | D:9      | Found Lota One's Weapon Shop.
  9574 | D:9      | Learned a level 3 spell: Confusing Touch
  9637 | D:9      | Reached skill level 7 in Fighting
  9677 | D:9      | Found a white marble altar of Elyvilon.
  9680 | D:9      | Found a shimmering altar of Xom.
  9683 | D:9      | Found a basalt altar of Yredelemnul.
  9687 | D:9      | Found a snail-covered altar of Cheibriados.
  9788 | Lair:1   | Entered Level 1 of the Lair of Beasts
  9885 | Lair:1   | Noticed Prince Ribbit
  9890 | Lair:1   | Noticed a cane toad
  9927 | D:9      | Killed Prince Ribbit
 10103 | D:10     | Entered Level 10 of the Dungeon
 10114 | D:10     | Noticed a two-headed ogre
 10134 | D:10     | Noticed Maurice
 10134 | D:10     | Noticed Urug
 10164 | D:10     | Found a staircase to the Orcish Mines.
 10191 | D:10     | Reached skill level 8 in Fighting
 10227 | D:11     | Reached XP level 11. HP: 52/60 MP: 16/16
 10443 | D:10     | Noticed Psyche
 10675 | D:10     | Noticed a deep elf pyromancer
 10794 | D:10     | Killed a two-headed ogre
 11212 | D:10     | Reached skill level 10 in Dodging
 11218 | D:10     | Killed Psyche
 11308 | D:11     | Reached skill level 1 in Invocations
 11371 | D:11     | Found a portal to a secret trove of treasure.
 11481 | D:11     | Noticed a two-headed ogre
 12041 | D:12     | Noticed a deep elf pyromancer
 12190 | D:12     | Noticed a two-headed ogre
 12334 | D:12     | Killed a two-headed ogre
 12337 | D:12     | Killed a deep elf pyromancer
 12711 | D:12     | Found Cotsean's Assorted Antiques.
 12714 | D:12     | Bought a jewelled dagger for 189 gold pieces
 12714 | D:12     | Identified the +11 dagger "Yfopty" {elec, rPois Int+5} (You
                  | bought it in a shop on level 12 of the Dungeon)
 12925 | D:12     | Noticed a two-headed ogre
 12962 | D:12     | Reached skill level 9 in Fighting
 14316 | Lair:2   | Noticed a catoblepas
 14318 | Lair:2   | Killed a catoblepas
 14319 | Lair:2   | Reached skill level 5 in Invocations
 14442 | Lair:2   | Found a staircase to the Snake Pit.
 14673 | Lair:2   | Reached XP level 12. HP: 56/67 MP: 12/17
 14682 | Lair:2   | Reached skill level 10 in Fighting
 15158 | Lair:2   | Identified 2 scrolls of acquirement
 15159 | Lair:2   | Acquired a manual of Fighting
 15162 | Lair:2   | Acquired 789 gold pieces
 15633 | Lair:3   | Reached skill level 11 in Fighting
 15648 | Lair:3   | Noticed a death yak
 15728 | Lair:3   | Noticed a death yak
 15827 | Lair:2   | Reached skill level 12 in Fighting
 15838 | Lair:2   | Reached ****** piety under Uskayaw
 15842 | Lair:2   | Reached skill level 1 in Shields
 15865 | Lair:2   | Gained mutation: You are vulnerable to heat. (rF-) [potion
                  | of mutation]
 15865 | Lair:2   | Gained mutation: You are somewhat resistant to further
                  | mutation. [potion of mutation]
 15866 | Lair:2   | Lost mutation: You are somewhat resistant to further
                  | mutation. [potion of mutation]
 15866 | Lair:2   | Lost mutation: You are vulnerable to heat. (rF-) [potion of
                  | mutation]
 15866 | Lair:2   | Gained mutation: You passively dampen the noise of your
                  | surroundings. [potion of mutation]
 15866 | Lair:2   | Gained mutation: You are partially covered in iridescent
                  | scales. (AC +2) [potion of mutation]
 15937 | Lair:3   | Noticed a death yak
 15937 | Lair:3   | Noticed a death yak
 16105 | Lair:3   | Reached skill level 13 in Fighting
 16213 | Lair:3   | Found a staircase to the Swamp.
 16417 | Lair:3   | Reached skill level 14 in Fighting
 16775 | Lair:3   | Noticed a death yak
 16835 | Lair:4   | Noticed a four-headed hydra
 17048 | Lair:4   | Reached XP level 13. HP: 79/79 MP: 13/18
 17059 | Lair:4   | Reached skill level 15 in Fighting
 17097 | Lair:4   | Identified the +4 long sword of Putrescence {flame, Will+
                  | rCorr Str-4 Int+5 Dex-2}
 17522 | Lair:5   | Entered Level 5 of the Lair of Beasts
 17730 | Lair:5   | Found a viscous altar of Jiyva.
 17731 | Lair:5   | Found a staircase to the Slime Pits.
 17773 | Lair:5   | Noticed Josephine
 17783 | Lair:5   | Killed Josephine
 18138 | Lair:5   | Reached skill level 16 in Fighting
 18667 | Lair:5   | Slain by a dream sheep

Illustrated notes

Levels and vault maps discovered:
D:1:      minmay_arrival_stone_box, layout_basic
D:2:      layout_loops_ring, shapermc_ecumenical_altar_flowoftime
D:3:      layout_basic, fedhas_altar_3, trog_wizard, serial_shops, shop,
          nrook_mini_vaults
D:4:      layout_layer_cave, nicolae_overflow_crystal_walls,
          nicolae_ossuary_entry_plus, serial_shops, nicolae_inconvenience_store
D:5:      layout_loops_ring, lemuel_doored_altar, vehumet_altar_wand_db,
          serial_shops, nicolae_shop_overgrown_old_shop
D:6:      layout_cave_pools, mainiacjoe_overflow_cross_hatched,
          overflow_temple_1_default, minmay_misc_feat_cross
D:7:      layout_gridville, mainiacjoe_overflow_boulevard,
          minmay_temple_entry_statues, serial_shops, shop_statue,
          solitary_fountain
D:8:      layout_basic, nicolae_transporter_circle
D:9:      layout_basic, grunt_temple_overflow_cloverleaf,
          grunt_lair_entry_orc_guard_hut, serial_shops, kennysheep_mini_moat
D:10:     layout_basic, kennysheep_orc_monster_closet_entryway, uniq_maurice,
          uniq_psyche, uniq_urug
D:11:     layout_roguey, nicolae_trove_entry_path_of_doom
D:12:     layout_basic, serial_shops, kennysheep_mini, serial_co_window_serial,
          co_window_corner_a, co_window_paths_b, co_window_paths_a,
          co_window_of_opportunity_a, co_window_of_opportunity_a,
          co_window_unsneaky_path_e, co_window_unsneaky_path_b,
          co_window_corner_b, glass_columns_a, glass_columns_a, glass_columns_b,
          glass_columns_c, glass_columns_a
Temple:   hellmonk_temple_flake
Lair:1:   layout_cave_pods, serial_bayou_pond_c, infiniplex_staircase_pool_2,
          serial_bayou_shore_a, uniq_prince_ribbit2
Lair:2:   layout_small_grid, minmay_snake_entry_six_corridors,
          serial_bayou_shore_b
Lair:3:   layout_regular_city, skrybe_swamp_entry_bodies
Lair:4:   layout_roguey, grunt_megastairs_3
Lair:5:   hellmonk_lair_end_abyssal_woods, layout_cave_pods,
          nicolae_slime_entry_field_trip, grunt_megastairs_4,
          lemuel_fruit_fields, uniq_josephine

Skill      XL: |  1  2  3  4  5  6  7  8  9 10 11 12 13 |
---------------+----------------------------------------+-----
Stealth        | 5 6 7 10 12 | 12.1
Dodging        | 3 4 5 9 11 | 11.0
Hexes          | 4 |  4.0
Spellcasting   | 3 |  3.0
Short Blades   | 2 4 6 8 9 |  9.1
Fighting       | 1 4 6 8 9 14 16 | 16.2
Translocations | 1 |  1.0
Evocations     | 4 5 |  5.6
Throwing       | 1 2 |  2.0
Invocations    | 5 6 |  6.6
Shields        | 1 |  1.0

Action                   |  1- 3 |  4- 6 |  7- 9 | 10-12 | 13-15 || total
-------------------------+-------+-------+-------+-------+-------++-------
Melee: Dagger            |    29 |       |       |   249 |   116 ||   394
       Short sword       |    56 |   169 |   228 |   180 |       ||   633
       Punch             |       |     2 |     1 |     4 |       ||     7
Throw: Dart              |       |     9 |    16 |     2 |       ||    27
       Boomerang         |       |       |     3 |       |       ||     3
 Cast: Ensorcelled Hiber |       |     1 |     7 |       |       ||     8
       Tukima's Dance    |       |       |     9 |     3 |       ||    12
       Blink             |       |       |       |     3 |       ||     3
Invok: Line Pass         |       |       |       |     2 |     1 ||     3
       Stomp             |       |       |       |     1 |     1 ||     2
Evoke: Wand              |       |       |    29 |    13 |     2 ||    44
  Use: Scroll            |       |     2 |     3 |     7 |     3 ||    15
       Potion            |       |       |     1 |     3 |       ||     4
 Stab: Sleeping          |    12 |     8 |    12 |    37 |    11 ||    80
       Paralysed         |       |       |     5 |    26 |    13 ||    44
       Distracted        |       |       |       |    10 |     1 ||    11
       Confused          |       |       |       |     1 |       ||     1
Armor: Robe              |    10 |    12 |    12 |     5 |    10 ||    49
Dodge: Dodged            |    60 |    84 |    96 |   195 |    44 ||   479
Block: Other             |       |       |       |    19 |     8 ||    27

Table legend: (Time is in decaauts)
 A = Elapsed time spent in this place.
 B = Non-inter-level travel time spent in this place.
 C = Inter-level travel time spent in this place.
 D = Time resting spent in this place.
 E = Time spent auto-exploring this place.
 F = Levels seen in this place.
 G = Mean time per level.
                   A        B        C        D        E       F      G
               +--------+--------+--------+--------+--------+-----+--------+
         Total |  12482 |  11256 |   1226 |   1472 |   5492 |  19 |  656.9 |
       Dungeon |   8388 |   7358 |   1030 |    784 |   3788 |  12 |  699.0 |
        Temple |     78 |     69 |      9 |      0 |     55 |   1 |   78.0 |
          Lair |   3787 |   3601 |    186 |    688 |   1609 |   5 |  757.4 |
       Ossuary |    228 |    228 |      0 |      0 |     39 |   1 |  228.0 |
               +--------+--------+--------+--------+--------+-----+--------+

Top non-repeatable levels by time:
  Lair:1: 1076 daAuts
     D:8: 943 daAuts
     D:6: 811 daAuts
     D:9: 811 daAuts
  Lair:5: 760 daAuts
     D:4: 753 daAuts
    D:10: 741 daAuts
  Lair:2: 733 daAuts
     D:2: 726 daAuts
     D:7: 702 daAuts
  Lair:3: 694 daAuts
     D:3: 684 daAuts
    D:12: 626 daAuts
     D:1: 564 daAuts
  Lair:4: 523 daAuts
